AoeStats
← ITA | MarknighT

Arabia

507016748Analyzed
1v1 RM · 17d ago on Sep 16, 2026· 63m 55s· 2 players
Game mode
Random Map
Map size
Tiny (2 player)
Population
200
Speed
Normal
Resources
Standard
Victory
Conquest
Starting age
Dark Age
Ending age
Imperial Age
RankedLock teamsTeams togetherTeam positionsShared explorationLock speedFull tech treeHidden civsTurbo modeCheats
Victory
Defeat
🇮🇹 Muisca · Italy
2030
+11
🇮🇹 Khmer · Italy
1923
-11
Pirate
7:05 Loom
9:15 Feudal Age
9:17 Champi Runner
9:56 Double-Bit Axe
14:15 Fletching
21:11 Castle Age
19:00 Horse Collar
19:32 Padded Archer Armor
20:29 Gold Mining
21:47 Bodkin Arrow
21:13 Crossbowman
23:17 Ballistics
23:32 Leather Archer Armor
35:03 Scale Mail Armor
35:44 Bow Saw
37:41 Wheelbarrow
37:44 Chain Mail Armor
42:36 Imperial Age
42:50 Imperial Age
42:10 Town Watch
44:02 Bracer
44:16 Masonry
43:53 Pikeman
44:33 Squires
47:55 Plate Mail Armor
51:30 Forging
55:57 Thumb Ring
57:05 Hand Cart
58:17 Fervor
58:29 Sanctity
57:42 Champi Warrior
59:01 Elite Champi Warrior
60:32 Conscription
62:26 Capped Ram
63:38 Heavy Plow
64:39 Two-Man Saw
63:32 Stone Mining
ITA | MarknighT
5:31 Loom
8:04 Feudal Age
8:35 Double-Bit Axe
10:11 Fletching
12:50 Horse Collar
17:24 Padded Archer Armor
20:58 Castle Age
19:40 Gold Mining
21:02 Crossbowman
21:39 Bodkin Arrow
23:17 Ballistics
26:56 Bow Saw
29:38 Leather Archer Armor
32:37 Wheelbarrow
31:48 Town Watch
34:32 Scale Barding Armor
36:05 Chain Barding Armor
41:02 Imperial Age
39:03 Bloodlines
38:53 Husbandry
41:07 Cavalier
43:06 Plate Barding Armor
45:52 Conscription
45:47 Forging
46:07 Light Cavalry
48:54 Masonry
50:05 Iron Casting
50:12 Gold Shaft Mining
54:45 Blast Furnace
58:03 Chemistry
Connection lost

Rejoining the realm…

Still unreachable

The connection could not be restored.

Session expired

The server has moved on; the page needs a fresh start.